 Dungeon Crawl Stone Soup version 0.28-a0-730-g892d06dc2c (webtiles) character file.

Game seed: 15651161061246962228

470 avis the Ruffian (level 6, -2/51 HPs)
             Began as a Demigod Transmuter on Oct 29, 2021.
             Slain by a sky beast (6 damage)
             ... on level 5 of the Dungeon.
             The game lasted 00:21:50 (5312 turns).

avis the Ruffian (Demigod Transmuter)               Turns: 5312, Time: 00:21:50

Health: -2/51      AC:  3    Str: 15    XL:     6   Next: 52%
Magic:  9/11       EV: 12    Int: 19    God:
Gold:   144        SH:  0    Dex: 20    Spells: 3/9 levels left

rFire   . . .      SeeInvis .     - Unarmed
rCold   . . .      Faith    .   (no shield)
rNeg    . . .      Spirit   .   m - +0 leather armour
rPois   .          Reflect  .   (helmet currently unavailable)
rElec   .          Harm     .   (no cloak)
rCorr   .          Rampage  .   (no gloves)
Will    .....                   (boots currently unavailable)
Stlth   ++........              (no amulet)
HPRegen 0.17/turn               u - ring of wizardry
MPRegen 0.12/turn               w - +6 ring of dexterity

@: mighty, appendages
A: horns 2, talons 2, high mp 1, forlorn
a: End Transformation


You were on level 5 of the Dungeon.
You had temporarily grown beastly horns and talons.
You visited 2 branches of the dungeon, and saw 6 of its levels.

You collected 144 gold pieces.

Inventory:

Missiles
 y - 9 poisoned darts
 B - 2 boomerangs
Armour
 b - a scarf of harm
 m - a +0 leather armour (worn)
 n - a +0 pair of boots (melded)
 v - a +1 helmet (melded)
Jewellery
 j - a ring of flight
 u - a ring of wizardry (left hand)
 w - a +6 ring of dexterity (right hand)
 x - a ring of resist corrosion
Scrolls
 c - a scroll of fear {unknown}
 d - a scroll of enchant weapon
Potions
 a - a potion of might
 f - a potion of brilliance
 t - a potion of flight


   Skills:
 - Level 3.0 Fighting
 - Level 2.0 Dodging
 - Level 2.0 Stealth
 * Level 5.3 Unarmed Combat
 - Level 2.0 Spellcasting
 - Level 2.0 Transmutations
 - Level 2.0 Poison Magic


You had 3 spell levels left.
You knew the following spells:

 Your Spells              Type           Power      Damage    Failure   Level
a - Beastly Appendage     Tmut           18%        N/A       3%          1
e - Passwall              Tmut/Erth      4%         N/A       9%          2
p - Spider Form           Tmut/Pois      4%         N/A       11%         3

Your spell library contained the following spells:

 Spells                   Type           Power      Damage    Failure   Level
 Wereblood                Tmut           9%         N/A       6%          2
 Summon Small Mammal      Summ           4%         N/A       9%          1
 Ensorcelled Hibernation  Hex/Ice        2%         N/A       12%         2
 Static Discharge         Conj/Air       1%         N/A       12%         2
 Call Canine Familiar     Summ           1%         N/A       24%         3
 Gell's Gravitas          Tloc           0%         N/A       24%         3
 Summon Guardian Golem    Hex/Summ       1%         N/A       24%         3
 Swiftness                Air            1%         N/A       24%         3
 Teleport Other           Tloc           1%         N/A       24%         3
 Ice Form                 Ice/Tmut       5%         N/A       45%         4
 Lightning Bolt           Conj/Air       0%         1d11      89%         5
 Dispersal                Tloc           0%         N/A       100%        6
 Invisibility             Hex            0%         N/A       100%        6
 Maxwell's Capacitive Co  Air            0%         ∞         100%        8


Dungeon Overview and Level Annotations

Branches:
Dungeon (5/15)             Temple (1/1) D:4


Innate Abilities, Weirdness & Mutations

You have temporarily grown beastly horns and talons.
Your attributes grow dramatically as you level up.
You have an increased reservoir of magic. (+10% MP)
You shall have no god before yourself.


Message History

The ogre misses you. Something hits you but does no damage.
You bite the ogre!
The ogre looks as sick as possible!
The ogre is almost dead.
The ogre barely misses you. Something barely misses you.
You bite the ogre!
You kill the ogre!
Your transformation is almost over.
Something hits you. Something shocks you.
Training target 3.0 for Fighting reached!
Your Fighting skill increases to level 3!
You need to enable at least one skill for training.
You barely miss something. You miss something. Something hits you.
Something shocks you.
You closely miss something. Something hits you. Something shocks you.
You hit something. Something hits you. Something shocks you.
You completely miss something. Something hits you. Something shocks you.
* * * LOW HITPOINT WARNING * * *
You hit something but do no damage. Something hits you.
* * * LOW HITPOINT WARNING * * *
Something shocks you.
* * * LOW HITPOINT WARNING * * *
You closely miss something. Something barely misses you.
It was a potion of might.
You feel very mighty all of a sudden. Something barely misses you.
You hit something but do no damage.
Your transformation has ended.
Your +1 helmet unmelds from your body.
Your +0 pair of boots unmelds from your body.
Your +0 leather armour unmelds from your body.
Something completely misses you.
Casting: Spider Form (dangerous; 11% risk of failure)
Confirm with . or Enter, or press ? or * to list all spells.
You grow a pair of large bovine horns.
Your feet morph into talons.
Your +1 helmet melds into your body.
Your +0 pair of boots melds into your body.
Something hits you.
* * * LOW HITPOINT WARNING * * *
Something shocks you.
You die...

##.....##
##.......##
#....<....#
#.8.....8.#
#........$##
#...8.8....##
#...)...(....
#.8.{@..8.#
#....<....#
##.......##
##.....##
#######


There were no monsters in sight!

Vanquished Creatures
  2 ogres
  2 hounds
  An orc priest (D:3)
  Terence (D:3)
  3 orc wizards (D:4)
  3 adders
  An ufetubus (D:4)
  An adder skeleton (D:4)
  A worm (D:2)
  2 dart slugs
  10 orcs
  6 endoplasms
  3 goblins
  4 hobgoblins
  10 jackals
  2 quokkas
  4 ball pythons
  3 bats
  4 frilled lizards
  A kobold (D:4)
  2 rats
66 creatures vanquished.

Notes
Turn   | Place    | Note
-------+----------+-------------------------------------------
     0 | D:1      | avis the Demigod Transmuter began the quest for the Orb.
     0 | D:1      | Reached XP level 1. HP: 15/15 MP: 5/5
    86 | D:1      | Reached skill level 3 in Unarmed Combat
   456 | D:1      | Reached XP level 2. HP: 14/22 MP: 5/7
  1660 | D:2      | Reached XP level 3. HP: 27/27 MP: 6/8
  1664 | D:2      | Learned a level 3 spell: Spider Form
  1704 | D:2      | Reached skill level 4 in Unarmed Combat
  2462 | D:3      | Reached skill level 1 in Poison Magic
  2473 | D:3      | Noticed Terence
  2507 | D:3      | Killed Terence
  2508 | D:3      | Reached XP level 4. HP: 3/34 MP: 6/9
  2941 | D:3      | Reached skill level 1 in Fighting
  2941 | D:3      | Reached skill level 1 in Stealth
  3774 | D:4      | Found a staircase to the Ecumenical Temple.
  3929 | D:4      | Noticed an ogre
  3949 | D:4      | Killed an ogre
  3950 | D:4      | Reached skill level 5 in Unarmed Combat
  3950 | D:4      | Reached XP level 5. HP: 41/41 MP: 6/10
  4479 | D:3      | Reached XP level 6. HP: 21/48 MP: 8/11
  4758 | Temple   | Entered the Ecumenical Temple
  5002 | D:4      | Learned a level 2 spell: Passwall
  5256 | D:5      | Entered Level 5 of the Dungeon
  5312 | D:5      | Slain by a sky beast

Illustrated notes

Levels and vault maps discovered:
D:1:      lemuel_arrival_hallway, layout_basic, minmay_misc_feat_alley
D:2:      layout_basic
D:3:      layout_loops_ring, hellmonk_ecumenical_altar_inner_sanctum,
          uniq_terence
D:4:      layout_cave_pools, minmay_temple_entry_large_hall, minmay_ruptured
D:5:      layout_loops_ring, gammafunk_temple_overflow_elements,
          chequers_temple_overflow_minitemple, mainiacjoe_overflow_tiny_flanked,
          grunt_ministairs_10, minivault_14, kennysheep_generic_room_9
Temple:   regret_index_temple_waves

Skill      XL: |  1  2  3  4  5  6 |
---------------+-------------------+-----
Unarmed Combat | 3 4 5 |  5.3
Transmutations | 2 |  2.0
Poison Magic   | 1 2 |  2.0
Fighting       | 1 2 3 |  3.0
Stealth        | 1 2 |  2.0
Dodging        | 2 |  2.0
Spellcasting   | 2 |  2.0

Action                   |  1- 3 |  4- 6 || total
-------------------------+-------+-------++-------
Melee: Unarmed           |    83 |    98 ||   181
       Kick              |    13 |    13 ||    26
       Headbutt          |     9 |     5 ||    14
       Punch             |     1 |     1 ||     2
 Cast: Beastly Appendage |    30 |    15 ||    45
       Spider Form       |     2 |    10 ||    12
  Use: Potion            |     1 |     2 ||     3
       Scroll            |       |    11 ||    11
 Stab: Sleeping          |       |     3 ||     3
Armor: Robe              |    14 |     3 ||    17
       Skin              |       |     5 ||     5
Dodge: Dodged            |    43 |    79 ||   122

Table legend: (Time is in decaauts)
 A = Elapsed time spent in this place.
 B = Non-inter-level travel time spent in this place.
 C = Inter-level travel time spent in this place.
 D = Time resting spent in this place.
 E = Time spent auto-exploring this place.
 F = Levels seen in this place.
 G = Mean time per level.
                   A        B        C        D        E       F      G
               +--------+--------+--------+--------+--------+-----+--------+
         Total |   5311 |   4944 |    367 |   1943 |   1998 |   6 |  885.2 |
       Dungeon |   5151 |   4808 |    343 |   1888 |   1980 |   5 | 1030.2 |
        Temple |    159 |    135 |     24 |     55 |     18 |   1 |  159.0 |
               +--------+--------+--------+--------+--------+-----+--------+

Top non-repeatable levels by time:
     D:3: 1591 daAuts
     D:2: 1349 daAuts
     D:1: 1217 daAuts
     D:4: 955 daAuts
  Temple: 159 daAuts
     D:5: 38 daAuts
